 Dungeon Crawl Stone Soup version 0.20-a0-492-g6327889 (webtiles) character file.

139 Goblin1989 the Ruffian (level 5, -8/46 HPs)
             Began as a Troll Transmuter on Jan 15, 2017.
             Killed by nerve-wracking pain
             ... invoked by Grinder
              (11 damage)
             ... while paralysed by Grinder
             ... on level 3 of the Dungeon.
             The game lasted 00:03:37 (1911 turns).

Goblin1989 the Ruffian (Troll Transmuter)           Turns: 1911, Time: 00:03:38

Health: -8/46      AC:  5    Str: 18    XL:     5   Next: 1%
Magic:  5/5        EV:  1    Int:  9    God:
Gold:   125        SH:  0    Dex: 11    Spells: 5/6 levels left

rFire    . . .     SeeInvis .     - Unarmed
rCold    . . .     Gourm    +   b - +0 robe
rNeg     . . .     Faith    .   f - +0 shield
rPois    .         Spirit   .   (helmet restricted)
rElec    .         Reflect  .   (no cloak)
rCorr    .         Harm     .   (gloves unavailable)
MR       .....                  (boots unavailable)
Stlth    +.........             (no amulet)
Regen    0.5/turn               (no ring)
                                (no ring)

@: paralysed
A: unfitting armour, claws 3, fast metabolism 3, gourmand, regeneration 1,
shaggy fur 1, tough skin 2
a: no special abilities


You were on level 3 of the Dungeon.
You were completely stuffed.

You visited 1 branch of the dungeon, and saw 3 of its levels.

You collected 125 gold pieces.

Inventory:

Missiles
 a - 24 arrows
Armour
 b - a +0 robe (worn)
 f - a +0 shield (worn)
Jewellery
 n - a +3 ring of intelligence {unknown}
Scrolls
 d - 4 scrolls of identify {unknown}
 j - a scroll of magic mapping {unknown}
 k - 2 scrolls of blinking {unknown}
 l - a scroll of enchant weapon {unknown}
 m - a scroll of recharging {unknown}
 q - a scroll of fear {unknown}
 r - 3 scrolls of teleportation {unknown}
Potions
 p - a potion of invisibility {unknown}
 s - a potion of lignification {unknown}
Books
 c - a book of Changes

   Spells                             Type                      Level
   a - Beastly Appendage              Transmutation                1
   b - Sticks to Snakes               Transmutation                2
   c - Spider Form                    Transmutation/Poison         3
   d - Ice Form                       Ice/Transmutation            4
   e - Blade Hands                    Transmutation                5
Comestibles
 e - 5 bread rations {@e1}
 g - a beef jerky
 h - a slice of pizza
 i - 5 chunks of flesh {@w0}
 o - 3 meat rations {@e2}


   Skills:
 - Level 0.7 Fighting
 - Level 1.5 Dodging
 * Level 2.1 Shields
 * Level 4.2 Unarmed Combat
 - Level 1.2 Spellcasting
 + Level 2.2 Transmutations


You had 5 spell levels left.
You knew the following spells:

 Your Spells              Type           Power        Failure   Level  Hunger
a - Beastly Appendage     Tmut           #.....       67%         1    ##.....


Dungeon Overview and Level Annotations

Branches:
Dungeon (3/15)

Altars:

Annotations:
D:3 Grinder


Innate Abilities, Weirdness & Mutations

You are too large for most types of armour.
You have claws for hands.
Your metabolism is lightning-fast.
You like to eat raw meat.
Your natural rate of healing is unusually fast.
You are covered in fur. (AC +1)
You have very tough skin. (AC +2)


Message History

Grinder hits you.
* * * LOW HITPOINT WARNING * * *
You writhe in agony.
* * * LOW HITPOINT WARNING * * *
You take 9 damage, and have 10/46 hp.
You closely miss Grinder.
Grinder is almost dead.
You block Grinder's attack.
Unknown command.
You closely miss Grinder.
Grinder is almost dead.
Grinder gestures at you.
You suddenly lose the ability to move!
Grinder hits you!
* * * LOW HITPOINT WARNING * * *
You writhe in agony.
* * * LOW HITPOINT WARNING * * *
Grinder gestures at you. Pain shoots through your body!
You die... ██....<█ ██..... █......█ ██...█ █......█ ████

█ █.█...██
████.███.███.█
............█
. █.███..█████
....█.██..█
█..5@..█
█.██..██ ...█
.████ .█ ██


You could see Grinder.

Vanquished Creatures
  A scorpion (D:3)
  3 adders (D:2)
  3 dart slugs
  4 leopard geckos
  An orc (D:3)
  7 bats
  5 goblins
  9 hobgoblins
  3 jackals (D:1)
  3 frilled lizards
  5 kobolds
  7 rats
51 creatures vanquished.

Notes
Turn   | Place    | Note
-------+----------+-------------------------------------------
     0 | D:1      | Goblin1989 the Troll Transmuter began the quest for the Orb.
     0 | D:1      | Reached XP level 1. HP: 18/18 MP: 1/1
   148 | D:1      | Reached XP level 2. HP: 26/26 MP: 2/2
   856 | D:1      | Reached XP level 3. HP: 30/32 MP: 3/3
   873 | D:1      | Reached skill level 1 in Shields
  1189 | D:2      | Found a faded altar of an unknown god.
  1492 | D:2      | Reached skill level 4 in Unarmed Combat
  1515 | D:2      | Reached XP level 4. HP: 36/40 MP: 4/4
  1844 | D:3      | Reached XP level 5. HP: 35/46 MP: 5/5
  1899 | D:3      | Noticed Grinder
  1909 | D:3      | Paralysed by Grinder for 3 turns
  1910 | D:3      | HP: 2/46 [Grinder (1)]
  1911 | D:3      | Killed from afar by Grinder

Vault maps used:
D:1:      minmay_arrival_nine_rooms, hangedman_decor_lopped, serial_bayou_pond_c
D:2:      chequers_ecumenical_altar_simple, first_bread, nrook_mini_vaults
D:3:      uniq_grinder

Skill      XL: |  1  2  3  4 |
---------------+-------------+-----
Shields        | 1 2 |  2.1
Unarmed Combat | 4 |  4.2
Transmutations | 2 |  2.2
Fighting       | |  0.7
Dodging        | |  1.5
Spellcasting   | |  1.2

Action                   |  1- 3 |  4- 6 || total
-------------------------+-------+-------++-------
Melee: Unarmed           |   116 |    37 ||   153
 Stab: Sleeping          |       |     1 ||     1
  Eat: Chunk             |    20 |     3 ||    23
Armor: Robe              |    39 |     7 ||    46
Dodge: Dodged            |    30 |     9 ||    39
Block: Shield            |    28 |     4 ||    32

Vault maps used:
D:1:      minmay_arrival_nine_rooms, hangedman_decor_lopped, serial_bayou_pond_c
D:2:      chequers_ecumenical_altar_simple, first_bread, nrook_mini_vaults
D:3:      uniq_grinder
